 Dungeon Crawl Stone Soup version 0.28-a0-1002-gf00fe891ef (webtiles) character file.

Game seed: 10800445603096840126

6698 fragbeetle the Cleaver (level 10, -2/90 HPs)
             Began as a Minotaur Fighter on Dec 6, 2021.
             Was a Priest of the Shining One.
             Slain by a sun demon (9 damage)
             ... summoned by a kobold demonologist
             ... on level 8 of the Dungeon on Dec 7, 2021.
             The game lasted 00:38:34 (11652 turns).

fragbeetle the Cleaver (Minotaur Fighter)          Turns: 11652, Time: 00:38:36

Health: -2/90      AC: 16    Str: 23    XL:     10   Next: 74%
Magic:  9/9        EV: 11    Int:  7    God:    the Shining One [***...]
Gold:   1100       SH:  5    Dex: 10    Spells: 9/9 levels left

rFire   . . .      SeeInvis .   T - +1 mace "Brush" {vorpal, rCorr}
rCold   . . .      Faith    .   c - +0 buckler
rNeg    + . .      Spirit   .   W - +1 ring mail of the Farmer {rElec Regen+ Stlth-}
rPois   +          Reflect  .   y - +2 hat
rElec   +          Harm     .   p - +0 cloak
rCorr   +          Rampage  .   U - +2 pair of gloves
Will    .....                   l - +0 pair of boots
Stlth   ..........              w - amulet of the acrobat
HPRegen 1.05/turn               n - ring of poison resistance
MPRegen 0.11/turn               (no ring)

@: glowing
A: horns 2, retaliatory headbutt
a: Renounce Religion, Divine Shield, Cleansing Flame


You were on level 8 of the Dungeon.
You worshipped the Shining One.
The Shining One was most pleased with you.
You visited 2 branches of the dungeon, and saw 10 of its levels.
You also visited: Bailey.

You collected 1288 gold pieces.
You spent 188 gold pieces at shops.

Inventory:

Hand Weapons
 b - a +4 hand axe
 o - a +4 fustibalus
 T - the +1 mace "Brush" (weapon) {vorpal, rCorr}
   (You found it in a bailey)

   It inflicts extra damage upon your enemies.
   rCorr:     It protects you from acid and corrosion.
Missiles
 O - 5 boomerangs (quivered)
 P - 60 sling bullets
Armour
 c - a +0 buckler (worn)
 l - a +0 pair of boots (worn)
 p - a +0 cloak (worn)
 y - a +2 hat (worn)
 J - a +2 ring mail of cold resistance
 U - a +2 pair of gloves (worn)
 V - the +0 chain mail of Mepecu {*Slow rN+ Will+}
   (You found it in a bailey)

   rN:        It protects you from negative energy.
   *Slow:     It may slow you when you take damage.
   Will:      It increases your willpower.
 W - the +1 ring mail of the Farmer (worn) {rElec Regen+ Stlth-}
   (You found it in a bailey)

   rElec:     It insulates you from electricity.
   Regen:     It increases your rate of health regeneration.
   Stlth:     It makes you less stealthy.
Magical Staves
 s - a staff of cold
Jewellery
 a - an amulet of regeneration
 n - a ring of poison resistance (left hand)
 w - an amulet of the acrobat (around neck)
Wands
 j - a wand of acid (4)
 r - a wand of charming (5)
 L - a wand of polymorph (11)
 M - a wand of digging (8)
 R - a wand of iceblast (9)
Scrolls
 e - 2 scrolls of fog
 h - 3 scrolls of fear {unknown}
 k - a scroll of enchant weapon
 m - 4 scrolls of teleportation
 q - 2 scrolls of vulnerability {unknown}
 u - a scroll of blinking {unknown}
 x - a scroll of noise {unknown}
 A - a scroll of amnesia {unknown}
 C - 2 scrolls of identify
 F - 2 scrolls of enchant armour
 I - 2 scrolls of summoning {unknown}
 S - 5 scrolls of magic mapping {unknown}
Potions
 d - 3 potions of might
 f - 2 potions of cancellation {unknown}
 g - 2 potions of lignification {unknown}
 i - 2 potions of haste
 t - 2 potions of flight {unknown}
 v - 3 potions of brilliance
 z - 3 potions of mutation
 B - a potion of ambrosia {unknown}
 D - a potion of degeneration {unknown}
 E - a potion of resistance {unknown}
 G - 4 potions of curing {unknown}
 H - a potion of heal wounds {unknown}
 Q - a potion of attraction {unknown}


   Skills:
 + Level 8.8 Fighting
 + Level 12.8(12.9) Axes
 + Level 2.7(8.7) Maces & Flails
 + Level 9.1 Armour
 - Level 2.0 Dodging
 - Level 0.2 Stealth
 + Level 6.2 Shields
 * Level 5.4 Evocations


You had 9 spell levels left.
You didn't know any spells.
Your spell library contained the following spells:

 Spells                   Type           Power      Damage    Failure   Level
 Magic Dart               Conj           0%         1d3       56%         1
 Call Imp                 Summ           0%         N/A       71%         2
 Searing Ray              Conj           0%         2d4       71%         2
 Conjure Flame            Conj/Fire      0%         6-21      90%         3
 Ignite Poison            Fire/Tmut/Pois 0%         N/A       90%         3
 Mephitic Cloud           Conj/Pois/Air  0%         N/A       90%         3
 Flame Wave               Conj/Fire      0%         2d4       100%        4
 Sticky Flame             Conj/Fire      0%         2d3       100%        4
 Summon Lightning Spire   Summ/Air       0%         N/A       100%        4
 Iskenderun's Battlesphe  Conj           0%         2d6       100%        5
 Yara's Violent Unravell  Hex/Tmut       0%         3d3       100%        5
 Storm Form               Tmut/Air       0%         N/A       100%        7
 Maxwell's Capacitive Co  Air            0%         ∞         100%        8


Dungeon Overview and Level Annotations

Branches:
Dungeon (9/15)             Temple (1/1) D:4            Lair (0/6) D:8
 Bailey (visited)
    Orc: D:9-12

Altars:
Ashenzari
Cheibriados
Dithmenos
Elyvilon
Fedhas
Gozag
Hepliaklqana
Kikubaaqudgha
Makhleb
Nemelex Xobeh
Okawaru
Qazlal
Ru
Sif Muna
Trog
Uskayaw
Vehumet
Wu Jian
Xom
Yredelemnul
Zin
The Shining One

Shops:
D:4 (   D:9 (


Innate Abilities, Weirdness & Mutations

You have a pair of horns on your head.
You reflexively headbutt those who attack you in melee.


Message History

The kobold demonologist mumbles some strange words.
The shadow imp completely misses you. The shadow imp gestures at you.
Pain shoots through your body!
You hit the shadow imp.
You headbutt the shadow imp, but do no damage.
The shadow imp is almost dead.
A nearby plant withers and dies.
The shadow imp disappears in a puff of smoke!
A nearby plant withers and dies.
The shadow imp gestures at you.
You struggle to resist.
The kobold demonologist casts a cantrip, but nothing happens.
The sun demon hits you!!
You are engulfed in flames!
The sun demon completely misses you.
The kobold demonologist gestures wildly while chanting.
The white imp completely misses you. You furiously retaliate!
You headbutt the white imp! The shadow imp gestures at you.
Pain shoots through your body!
There is a broken door here.
You block the sixfirhy's attack.
The sixfirhy hits you but does no damage.
The sixfirhy closely misses you. The sun demon completely misses you.
There is a transporter here.
You hit the sun demon.
The sun demon is lightly wounded.
The sixfirhy hits you. The sixfirhy shocks you. You resist.
The sixfirhy barely misses you. You block the sixfirhy's attack.
The sun demon hits you!!
* * * LOW HITPOINT WARNING * * *
You are engulfed in flames!
* * * LOW HITPOINT WARNING * * *
You enter the transporter and appear at another place.
The shadow imp closely misses you. You furiously retaliate!
You headbutt the shadow imp.
You kill the shadow imp!
The shadow imp disappears in a puff of smoke!
The sun demon hits you!
You die...

..# #.##.# #...# #. ### #.##.#
#...# #. ##################..#.#
#...# #. .................##.#.#
#...# #.
.###############.##.#.###...# #.
.#8P#...5K5o#P8#.#..........# #.
.#P.#≈≈≈≈≈≈≈#.P#.#..........# ###
.#..#..P≈≈..#:$#3........#### #..
©#©.'..≈♣≈.55.§#@........# #.#
.#..#..≈≈≈..#[$#§3.))....# #.#
.#P.#≈≈≈≈≈≈≈#.P#.#..[....# #.#
.#8P#[...5oK#≈8#.#.).....# ###.#
.###############.#.......# #.#.#
.................#.......# #...#
##################.......####.###
###..#.##....#
##################>#.##.####


You could see a sun demon (summoned), 2 kobold demonologists, a sixfirhy
(summoned), 2 orc priests, 2 white imps and 2 shadow imps.

Vanquished Creatures
  A two-headed ogre (D:8)
  Joseph (D:7)
  3 kobold demonologists
  A troll (D:9)
  A wyvern (D:7)
  3 steam dragons
  Duvessa (D:7)
  A sky beast (D:4)
  12 orc warriors
  A black bear (D:6)
  2 ice beasts
  3 necrophages
  An ogre (D:4)
  2 phantoms
  2 kobold brigands
  2 bullfrogs
  A scorpion (D:5)
  A water moccasin zombie (D:5)
  Dowan (D:7)
  8 killer bees (D:9)
  8 wights
  5 howler monkeys
  A bullfrog zombie (D:6)
  4 centaur zombies
  2 hounds
  2 jellies
  3 orc priests
  Crazy Yiuf (D:2)
  A bullfrog skeleton (D:5)
  3 orc wizards (D:7)
  Natasha (thrice) (D:2)
  A killer bee zombie (D:7)
  10 gnolls
  4 adders
  A shadow imp (D:6)
  4 white imps
  4 ufetubi
  3 worms
  29 orcs
  8 ball pythons
  4 bats
  5 endoplasms
  A giant cockroach (D:3)
  22 goblins
  11 hobgoblins
  4 jackals (D:4)
  2 quokkas
  3 frilled lizards (D:1)
  18 kobolds
  A quokka skeleton (D:4)
  6 rats
222 creatures vanquished.

Vanquished Creatures (others)
  A howler monkey (D:7)
  A shadow imp (D:7)
  3 fungi (D:5)
  2 plants (D:8)
  3 toadstools (D:5)
10 creatures vanquished.

Grand Total: 232 creatures vanquished

Notes
Turn   | Place    | Note
-------+----------+-------------------------------------------
     0 | D:1      | fragbeetle the Minotaur Fighter began the quest for the
                  | Orb.
     0 | D:1      | Reached XP level 1. HP: 19/19 MP: 0/0
   510 | D:1      | Reached XP level 2. HP: 27/27 MP: 1/1
   513 | D:1      | Found a faded altar of an unknown god.
  1087 | D:2      | Noticed Natasha
  1093 | D:2      | Killed Natasha
  1094 | D:2      | Reached XP level 3. HP: 7/33 MP: 2/2
  1500 | D:2      | Noticed Natasha
  1506 | D:2      | Killed Natasha
  1507 | D:2      | Reached skill level 3 in Axes
  1507 | D:2      | Reached XP level 4. HP: 36/41 MP: 3/3
  1689 | D:2      | Noticed Natasha
  1696 | D:2      | Killed Natasha
  1697 | D:2      | Reached skill level 4 in Axes
  2019 | D:2      | Found a runed translucent door.
  2020 | D:2      | Noticed Crazy Yiuf
  2027 | D:2      | Killed Crazy Yiuf
  2028 | D:2      | Reached XP level 5. HP: 33/47 MP: 2/4
  3119 | D:4      | Noticed a phantom
  3128 | D:4      | Killed a phantom
  3129 | D:4      | Reached skill level 5 in Axes
  3129 | D:4      | Reached skill level 1 in Dodging
  3287 | D:4      | Found Xeuxker's Antique Weapon Shoppe.
  3314 | D:4      | Reached XP level 6. HP: 47/55 MP: 5/5
  3319 | D:4      | Reached skill level 5 in Armour
  3488 | D:4      | Got the Catalogue of Shifting Attacks
  3565 | D:4      | Found a shimmering altar of Xom.
  3883 | D:4      | Noticed a sky beast
  3920 | D:4      | Killed a sky beast
  3921 | D:4      | Reached skill level 5 in Fighting
  3924 | D:4      | Found a staircase to the Ecumenical Temple.
  3934 | D:4      | Reached skill level 6 in Axes
  3939 | D:4      | Reached XP level 7. HP: 56/61 MP: 6/6
  3957 | Temple   | Entered the Ecumenical Temple
  3963 | Temple   | Became a worshipper of the Shining One
  4743 | D:5      | Entered Level 5 of the Dungeon
  5290 | D:5      | Reached skill level 7 in Axes
  6109 | D:6      | Reached XP level 8. HP: 66/69 MP: 7/7
  6128 | D:6      | Reached * piety under the Shining One
  6478 | D:6      | Reached skill level 8 in Axes
  6485 | D:6      | Reached skill level 1 in Evocations
  6656 | D:6      | Reached skill level 5 in Shields
  6915 | D:6      | Reached skill level 9 in Axes
  6990 | D:6      | Reached ** piety under the Shining One
  7338 | D:7      | Noticed Duvessa
  7338 | D:7      | Noticed Dowan
  7349 | D:7      | Killed Duvessa
  7350 | D:7      | Reached XP level 9. HP: 55/77 MP: 8/8
  7350 | D:7      | Killed Dowan
  7376 | D:7      | Noticed Joseph
  7731 | D:7      | Reached skill level 10 in Axes
  8726 | D:8      | Noticed a two-headed ogre
  9111 | D:7      | Killed Joseph
  9112 | D:7      | Reached skill level 11 in Axes
  9272 | D:8      | Found a transporter.
  9282 | D:8      | Noticed a kobold demonologist
  9283 | D:8      | Noticed a kobold demonologist
  9293 | D:8      | Found a transporter.
  9304 | D:8      | Reached *** piety under the Shining One
  9352 | D:8      | Found a staircase to the Lair.
  9787 | D:9      | Noticed a kobold demonologist
  9804 | D:9      | Killed a kobold demonologist
  9805 | D:9      | Reached XP level 10. HP: 79/88 MP: 9/9
  9876 | D:9      | Found a flagged portal.
  9883 | Bailey   | Entered a bailey
  9915 | Bailey   | Found an iron altar of Okawaru.
  9959 | Bailey   | Reached skill level 12 in Axes
 10270 | Bailey   | Reached skill level 5 in Evocations
 10338 | Bailey   | Acquired 768 gold pieces
 10390 | Bailey   | Identified the +1 mace "Brush" {vorpal, rCorr}
 10412 | Bailey   | Identified the +0 chain mail of Mepecu {*Slow rN+ Will+}
 10415 | Bailey   | Identified the +1 ring mail of the Farmer {rElec Regen+
                  | Stlth-}
 10621 | D:9      | Found Ucoewag's Weapon Boutique.
 10727 | D:9      | Reached skill level 1 in Maces & Flails
 11238 | D:4      | Bought a glowing flail for 188 gold pieces
 11418 | D:2      | You fall into a shaft and drop 1 floor!
 11560 | D:8      | Killed a two-headed ogre
 11643 | D:8      | Noticed a sun demon
 11649 | D:8      | Noticed a sixfirhy
 11652 | D:8      | Slain by a sun demon

Illustrated notes

Levels and vault maps discovered:
D:1:      elethiomel_arrival_infinity_welcomes_careful_drivers,
          layout_loops_corners, dreamdust_ecumenical_altar_angels_and_demons,
          hangedman_glass_teeth
D:2:      layout_loops_ring, uniq_crazy_yiuf_cottage, uniq_natasha
D:3:      layout_loops_corners
D:4:      layout_loops_ring, tgw_xom, minmay_temple_entry_drinking_statues,
          serial_shops, nicolae_stop_n_shop_1, nicolae_figureground_sparkle
D:5:      layout_layer_cave, minmay_gold_behind_fungi
D:6:      layout_basic
D:7:      layout_basic, uniq_duvessa, uniq_joseph
D:8:      gammafunk_wand_slinger, layout_basic, lair_entry_dummy,
          kennysheep_generic_room_8
D:9:      layout_rooms, enter_bailey_3, serial_shops, shop
Temple:   nicolae_temple_the_god_donut

Skill      XL: |  1  2  3  4  5  6  7  8  9 10 |
---------------+-------------------------------+-----
Fighting       | 4 5 6 7 8 |  8.8
Armour         | 4 5 6 7 8 9 |  9.1
Shields        | 4 5 6 |  6.2
Axes           | 3 4 5 6 7 9 11 12 | 12.8
Dodging        | 1 2 |  2.0
Evocations     | 2 4 5 |  5.4
Maces & Flails | 2 |  2.7
Stealth        | |  0.2

Action                   |  1- 3 |  4- 6 |  7- 9 | 10-12 || total
-------------------------+-------+-------+-------+-------++-------
Melee: War axe           |    49 |   125 |   117 |       ||   291
       Headbutt          |     7 |    14 |    49 |    38 ||   108
       Hand axe          |       |       |   179 |   119 ||   298
       Mace              |       |       |       |    54 ||    54
  Use: Scroll            |       |       |     4 |     5 ||     9
       Potion            |       |       |     1 |       ||     1
Armor: Scale mail        |    15 |    34 |    31 |       ||    80
       Ring mail         |       |       |    66 |    41 ||   107
Dodge: Dodged            |    19 |    65 |   146 |    59 ||   289
Block: Buckler           |     6 |    22 |    55 |    44 ||   127

Table legend: (Time is in decaauts)
 A = Elapsed time spent in this place.
 B = Non-inter-level travel time spent in this place.
 C = Inter-level travel time spent in this place.
 D = Time resting spent in this place.
 E = Time spent auto-exploring this place.
 F = Levels seen in this place.
 G = Mean time per level.
                   A        B        C        D        E       F      G
               +--------+--------+--------+--------+--------+-----+--------+
         Total |  11656 |  11339 |    317 |   1718 |   6323 |  11 | 1059.6 |
       Dungeon |  10706 |  10389 |    317 |   1524 |   6104 |   9 | 1189.6 |
        Temple |    261 |    261 |      0 |      0 |    219 |   1 |  261.0 |
        Bailey |    689 |    689 |      0 |    194 |      0 |   1 |  689.0 |
               +--------+--------+--------+--------+--------+-----+--------+

Top non-repeatable levels by time:
     D:4: 1549 daAuts
     D:7: 1528 daAuts
     D:5: 1410 daAuts
     D:2: 1332 daAuts
     D:6: 1258 daAuts
     D:1: 1096 daAuts
     D:8: 1074 daAuts
     D:3: 939 daAuts
  Bailey: 689 daAuts
     D:9: 515 daAuts
  Temple: 261 daAuts
